 Dungeon Crawl Stone Soup version 0.25-b1-41-g19641232cd (webtiles) character file.

Game seed: 9147262653630830215

238771 Esekla the Corrupter of Planes (level 19, 0/151 HPs)
             Began as a Gnoll Abyssal Knight on June 7, 2020.
             Was the Champion of Lugonu.
             Slain by a shambling mangrove (17 damage)
             ... on level 4 of the Swamp on June 8, 2020.
             The game lasted 06:18:29 (46441 turns).

Esekla the Corrupter of Planes (GnAK)              Turns: 46441, Time: 06:18:30

Health: 0/151      AC: 18    Str: 15    XL:     19   Next: 73%
Magic:  32/35      EV: 18    Int: 24    God:    Lugonu [******]
Gold:   3063       SH:  0    Dex: 17    Spells: 14/42 levels left

rFire    . . .     SeeInvis .   f - +8 scimitar (flame)
rCold    . . .     Gourm    .   (no shield)
rNeg     . . .     Faith    .   T - +4 troll leather armour
rPois    .         Spirit   .   r - +2 helmet
rElec    +         Reflect  .   V - scarf {repulsion}
rCorr    .         Harm     .   R - +1 pair of gloves of Brilliance {Int+4}
MR       ++...                  (no boots)
Stlth    +++++.....             D - amulet of magic regeneration
HPRegen  0.75/turn              a - ring of protection from magic
MPRegen  0.49/turn              Q - +4 ring of slaying

@: lethally poisoned (0 -> -2), grasped by roots, slowed, constricted, repel
missiles, very slow
A: distributed training, fangs 1, icy blue scales 1, mutation resistance 1,
electricity resistance, sturdy frame 1, strong nose
}: 1/15 runes: gossamer
a: Depart the Abyss, Bend Space, Banish, Corrupt, Enter the Abyss, Brand Weapon
With Distortion, Renounce Religion


You were on level 4 of the Swamp.
You worshipped Lugonu.
Lugonu was exalted by your worship.
You were hungry.

You visited 5 branches of the dungeon, and saw 31 of its levels.
You visited the Abyss 1 time.
You also visited: Bailey and Ice Cave.

You collected 3609 gold pieces.
You spent 546 gold pieces at shops.

Inventory:

Hand Weapons
 f - a +8 scimitar of flaming (weapon)
 t - a +1 trident of protection
 v - a +1 dagger of venom
 Y - a +3 spear of distortion
Missiles
 e - 7 silver boomerangs (quivered)
 u - 27 poisoned darts
 x - 3 boomerangs of dispersal
 Z - 14 curare-tipped darts
Armour
 r - a +2 helmet (worn)
 z - a +1 leather armour of poison resistance
 H - the +4 pair of gloves "Kureanish" {-Tele +Fly rC++ Stlth+}
   (You found it on level 1 of the Spider Nest)

   It greatly protects you from cold.
   It lets you fly.
   It prevents most forms of teleportation.
   It makes you more stealthy.
 R - the +1 pair of gloves of Brilliance (worn) {Int+4}
   (You took it off Nikola on level 1 of the Spider Nest)

   It affects your intelligence (+4).
 T - a +4 troll leather armour (worn)
 U - a scarf of resistance
 V - a scarf of repulsion (worn)
 X - a +2 robe of magic resistance
Jewellery
 a - a ring of protection from magic (left hand)
 m - an uncursed ring of see invisible
 p - a +4 ring of evasion
 B - an uncursed ring of ice
 D - an amulet of magic regeneration (around neck)
 Q - a +4 ring of slaying (right hand)
Wands
 q - a wand of acid (31)
 s - a wand of digging (5)
 I - a wand of polymorph (21)
 J - a wand of disintegration (42)
 K - a wand of flame (68)
 O - a wand of iceblast (11)
Scrolls
 d - 9 scrolls of blinking
 k - 3 scrolls of fog
 w - 13 scrolls of remove curse
 y - a scroll of holy word
 C - 5 scrolls of fear
 L - 3 scrolls of enchant armour
 M - 13 scrolls of identify
 P - a scroll of amnesia
 S - a scroll of magic mapping
 W - 2 scrolls of silence
Potions
 b - a potion of berserk rage
 g - a potion of curing
 h - 7 potions of magic
 i - 5 potions of brilliance
 j - 3 potions of heal wounds
 l - 5 potions of stabbing
 n - a potion of invisibility
 o - a potion of lignification
 A - 2 potions of flight
 E - 4 potions of ambrosia
 F - 5 potions of might
 G - 3 potions of haste
 N - a potion of cancellation
Comestibles
 c - 61 rations


   Skills:
 + Level 13.7 Fighting
 + Level 12.3 Short Blades
 + Level 13.0 Long Blades
 + Level 12.3 Axes
 + Level 12.3 Maces & Flails
 + Level 12.3 Polearms
 + Level 12.3 Staves
 + Level 12.3 Slings
 + Level 12.3 Bows
 + Level 12.3 Crossbows
 + Level 12.3 Throwing
 + Level 13.0 Armour
 + Level 12.6 Dodging
 + Level 12.3 Stealth
 + Level 12.3 Shields
 + Level 12.3 Unarmed Combat
 + Level 12.3 Spellcasting
 + Level 10.6 Conjurations
 + Level 10.6 Hexes
 + Level 10.6 Charms
 + Level 10.6 Summonings
 + Level 10.6 Necromancy
 + Level 10.6 Translocations
 + Level 10.6 Transmutations
 + Level 10.6 Fire Magic
 + Level 10.6 Ice Magic
 + Level 10.6 Air Magic
 + Level 10.6 Earth Magic
 + Level 10.6 Poison Magic
 + Level 13.9 Invocations
 + Level 12.3 Evocations


You had 14 spell levels left.
You knew the following spells:

 Your Spells              Type           Power        Failure   Level  Hunger
a - Ozocubu's Armour      Chrm/Ice       ######..     1%          3    None
b - Blink                 Tloc           N/A          1%          2    None
c - Mephitic Cloud        Conj/Pois/Air  ######..     1%          3    None
d - Magic Dart            Conj           ####         1%          1    None
e - Searing Ray           Conj           ######       1%          2    None
f - Conjure Flame         Conj/Fire      ######..     1%          3    None
g - Apportation           Tloc           ######       1%          1    None
i - Corona                Hex            ######.      1%          1    None
q - Silence               Hex/Air        ######....   1%          5    ###....
r - Frozen Ramparts       Ice            ######       1%          3    None
s - Song of Slaying       Chrm           ######..     1%          2    None
v - Poisonous Vapours     Pois/Air       ######       1%          2    None

Your spell library contained the following spells:

 Spells                   Type           Power        Failure   Level  Hunger
 Animate Skeleton         Necr           N/A          1%          1    None
 Infusion                 Chrm           ####         1%          1    None
 Summon Small Mammal      Summ           ####         1%          1    None
 Call Imp                 Summ           ######..     1%          2    None
 Shroud of Golubria       Chrm/Tloc      ######       1%          2    None
 Slow                     Hex            ######..     1%          2    None
 Dazzling Flash           Conj/Hex       ######       1%          3    None
 Spectral Weapon          Hex/Chrm       ######..     1%          3    None
 Cause Fear               Hex            ######....   1%          4    None
 Fulminant Prism          Conj/Hex       ######....   1%          4    None
 Hailstorm                Conj/Ice       ######..     1%          4    None
 Iskenderun's Mystic Bla  Conj/Tloc      ######..     1%          4    None
 Yara's Violent Unravell  Hex/Tmut       ######....   1%          5    ###....
 Eringya's Noxious Bog    Tmut/Pois      ######....   9%          6    #####..
 Discord                  Hex            ######....   98%         8    #######


Dungeon Overview and Level Annotations

Branches:
Dungeon (15/15)            Temple (0/1) D:5            Lair (6/6) D:8
  Swamp (4/4) Lair:2       Spider (4/4) Lair:3        Slime (0/5) Lair:5
    Orc (2/2) D:11            Elf (0/3) Orc:2        Vaults (0/5) D:13
 Depths (0/5) D:15         Bailey (visited)           IceCv (visited)

Altars:
Elyvilon
Gozag
Nemelex Xobeh
Sif Muna

Shops:
D:7 }   Orc:2 !!(*

Annotations:
D:5 3 runed translucent doors, dorian's ghost, novice DrFE
D:14 Roxanne
Spider:3 exclusion: ghost moth


Innate Abilities, Weirdness & Mutations

Your experience applies equally to all skills.
You have very sharp teeth.
Your uncanny sense of smell can sniff out nearby items.
You are partially covered in icy blue scales. (AC +2)
You are somewhat resistant to further mutation.
You are resistant to electric shocks. (rElec)
Your movements are slightly less encumbered by armour. (ER -2)


Message History

The hornet stings you but does no damage.
The hornet stings you!
* * * LOW HITPOINT WARNING * * *
You feel as though you will be slow longer.
Casting: Poisonous Vapours (safe; 1% risk of failure)
Confirm with . or Enter, or press ? or * to list all spells.
Aiming: Poisonous Vapours (safe; 1% risk of failure)
Press: ? - help, Dir - move target cursor, f - hornet
Aim: a hornet (severely wounded) Poisonous vapours surround the hornet!
You feel sick.
The hornet is engulfed in poison gas.
The hornet is poisoned.
The hornet stings you but does no damage.
The hornet closely misses you.
The shambling mangrove completely misses you.
* * * LOW HITPOINT WARNING * * *
The grasping roots constrict you!
The hornet is engulfed in poison gas.
The hornet looks even sicker.
The hornet closely misses you. The hornet completely misses you.
The shambling mangrove completely misses you.
You die...

# ∆ # ∆ ###### ##
##≈≈≈≈####
≈##♣#######.<≈≈≈≈≈.##♣
≈≈≈≈....≈♣♣.≈≈≈[.≈≈≈≈♣
≈≈≈≈≈≈≈≈≈≈...≈≈≈≈§≈≈.♣
.≈≈≈≈≈≈≈≈≈≈♣♣.≈≈≈y≈≈.♣≈≈
.≈≈≈≈≈≈.≈≈≈♣♣≈.≈@f≈...≈≈
§.≈≈≈≈≈≈..♣♣♣♣♣♣♣y.♣≈.≈≈
...≈.=≈≈≈♣♣ ♣♣♣ ≈
♣♣..≈.≈.♣♣ .♣♣♣♣♣.≈♣ ≈.♣
♣♣♣♣ .♣♣ ♣♣


You could see a shambling mangrove and 2 hornets.

Vanquished Creatures
  Nikola (Spider:1)
  Gastronok (Lair:3)
  A thorn hunter (Swamp:4)
  A frost giant (D:15)
  4 ghost moths
  A ghoul (Swamp:3)
  8 emperor scorpions
  3 entropy weavers
  3 spark wasps
  2 ice dragons (IceCv)
  4 vault guards (D:13)
  Fannar (D:11)
  13 hydras
  2 ghost crabs
  Erolcha (D:9)
  A catoblepas (Lair:4)
  2 shambling mangroves (Swamp:3)
  A death knight (D:11)
  Erica (D:9)
  4 centaur warriors
  20 alligators
  10 two-headed ogres
  3 orc high priests (Orc:2)
  An ogre mage (D:15)
  Urug (D:12)
  A skeletal warrior (D:11)
  3 spriggan druids
  9 swamp dragons
  Pikel (D:7)
  3 flayed ghosts (Swamp:4)
  An unseen horror (D:15)
  10 orc knights
  2 deep elf magi
  11 orb spiders
  2 oklob plants (Lair:3)
  19 wolf spiders
  2 manticores
  6 ugly things
  A cyclops (D:15)
  4 orc sorcerers (Orc:2)
  3 moths of wrath
  3 centaur zombies (D:15)
  2 ice statues (IceCv)
  Joseph (D:9)
  Psyche (D:11)
  2 black mambas
  2 torpor snails (Lair:5)
  2 gargoyles
  Maggie (D:6)
  30 spiny frogs
  4 rime drakes
  A yaktaur (shapeshifter) (D:14)
  16 demonic crawlers
  A kobold demonologist (D:14)
  8 komodo dragons
  A yaktaur (D:15)
  A freezing wraith (Swamp:4)
  A queen bee (Spider:1)
  44 jumping spiders
  2 polar bears
  5 trolls
  6 meliai
  30 hornets
  32 slime creatures
  12 dream sheep (Lair:5)
  19 tyrant leeches
  21 blink frogs
  7 hippogriffs
  A harpy skeleton (D:15)
  6 bog bodies
  3 death drake skeletons (Swamp:4)
  A hippogriff (shapeshifter) (D:13)
  A vampire (D:14)
  78 redbacks
  9 spriggans
  Sigmund (D:6)
  31 yaks
  A wyvern (Lair:2)
  6 water elementals (D:15)
  9 shadows
  27 tarantellas
  A wyvern (shapeshifter) (D:13)
  4 wraiths
  6 humans (D:13)
  4 basilisks
  4 hungry ghosts
  6 wargs
  16 insubstantial wisps
  15 vampire mosquitoes
  A soldier ant (D:13)
  11 swamp worms
  14 water moccasins
  8 porcupines
  24 orc warriors
  2 slaves
  5 sky beasts
  7 swamp drakes
  19 ice beasts
  5 phantoms
  5 black bears
  6 necrophages
  12 ogres
  A black bear (shapeshifter) (D:14)
  15 wolves
  9 crocodiles
  12 centaurs
  2 big kobolds
  25 bullfrogs
  2 wyvern zombies (D:13)
  A hornet simulacrum (D:14)
  4 scorpions
  26 killer bees
  5 wights (D:7)
  7 howler monkeys
  5 electric eels
  7 crimson imps
  2 bullfrog zombies
  7 hounds
  A quasit (D:5)
  6 jellies
  19 orc priests
  5 bullfrog skeletons
  Jessica (D:7)
  5 centaur skeletons
  6 iguanas
  26 orc wizards
  10 worker ants
  Natasha (twice) (D:1)
  2 hound zombies
  3 hound skeletons
  17 gnolls
  A howler monkey skeleton (D:7)
  9 adders
  6 shadow imps
  5 oozes
  An adder skeleton (D:9)
  A worm (D:3)
  6 dart slugs
  5 leopard geckos
  73 orcs
  3 giant cockroaches
  14 goblins
  13 hobgoblins
  7 jackals
  20 kobolds
  4 quokkas
  2 ball pythons
  6 bats
  5 frilled lizards
  A leopard gecko zombie (D:9)
  7 rats
  3 plants
1197 creatures vanquished.

Vanquished Creatures (collateral kills)
  A wolf spider (Spider:4)
  A hornet (Spider:4)
2 creatures vanquished.

Vanquished Creatures (others)
  A wolf spider (Spider:1)
  A spiny frog (Lair:3)
  A redback (Spider:4)
  A yak (Lair:5)
  2 humans (D:13)
  An orc priest (Orc:2)
  An orc wizard (D:2)
  An adder (D:6)
  An orc (D:9)
  A briar patch (Swamp:4)
  A butterfly (Lair:5)
  5 fungi
  48 plants
  4 withered plants (Swamp:3)
69 creatures vanquished.

Grand Total: 1268 creatures vanquished

Notes
Turn   | Place    | Note
-------+----------+-------------------------------------------
     0 | Abyss:1  | Esekla the Gnoll Abyssal Knight began the quest for the
                  | Orb.
     0 | Abyss:1  | Reached XP level 1. HP: 23/23 MP: 3/3
    42 | Abyss:2  | Noticed a smoke demon
    50 | Abyss:2  | Noticed a thrashing horror
    51 | D:1      | Escaped the Abyss
   353 | D:1      | Reached * piety under Lugonu
   472 | D:2      | Reached XP level 2. HP: 29/29 MP: 5/5
   621 | D:2      | Noticed Natasha
   638 | D:1      | Killed Natasha
   638 | D:1      | Reached XP level 3. HP: 28/35 MP: 6/6
   853 | D:1      | Reached skill level 1 in Short Blades
   853 | D:1      | Reached skill level 1 in Axes
   853 | D:1      | Reached skill level 1 in Maces & Flails
   853 | D:1      | Reached skill level 1 in Polearms
   853 | D:1      | Reached skill level 1 in Staves
   853 | D:1      | Reached skill level 1 in Slings
   853 | D:1      | Reached skill level 1 in Bows
   853 | D:1      | Reached skill level 1 in Crossbows
   853 | D:1      | Reached skill level 1 in Throwing
   853 | D:1      | Reached skill level 1 in Stealth
   853 | D:1      | Reached skill level 1 in Shields
   853 | D:1      | Reached skill level 1 in Unarmed Combat
   853 | D:1      | Reached skill level 1 in Spellcasting
   853 | D:1      | Reached skill level 1 in Evocations
   944 | D:2      | Reached XP level 4. HP: 41/41 MP: 7/7
  1546 | D:1      | Noticed Natasha
  1557 | D:1      | Killed Natasha
  1557 | D:1      | Reached skill level 1 in Conjurations
  1557 | D:1      | Reached skill level 1 in Hexes
  1557 | D:1      | Reached skill level 1 in Charms
  1557 | D:1      | Reached skill level 1 in Summonings
  1557 | D:1      | Reached skill level 1 in Necromancy
  1557 | D:1      | Reached skill level 1 in Translocations
  1557 | D:1      | Reached skill level 1 in Transmutations
  1557 | D:1      | Reached skill level 1 in Fire Magic
  1557 | D:1      | Reached skill level 1 in Ice Magic
  1557 | D:1      | Reached skill level 1 in Air Magic
  1557 | D:1      | Reached skill level 1 in Earth Magic
  1557 | D:1      | Reached skill level 1 in Poison Magic
  1869 | D:2      | Reached XP level 5. HP: 18/47 MP: 8/8
  2592 | D:4      | Reached skill level 5 in Invocations
  2592 | D:4      | Reached XP level 6. HP: 11/53 MP: 9/9
  3311 | D:4      | Reached skill level 5 in Long Blades
  3311 | D:4      | Reached skill level 5 in Armour
  3487 | D:4      | Reached XP level 7. HP: 36/59 MP: 10/10
  3888 | D:4      | Reached ** piety under Lugonu
  4284 | D:5      | Entered Level 5 of the Dungeon
  4284 | D:5      | Found a staircase to the Ecumenical Temple.
  4584 | D:4      | Learned a level 3 spell: Mephitic Cloud
  4588 | D:4      | Learned a level 3 spell: Conjure Flame
  4734 | D:5      | Found a runed translucent gate.
  4735 | D:5      | Found a runed translucent gate.
  4736 | D:5      | Found a runed translucent gate.
  4738 | D:5      | Found an opulent altar of Gozag.
  4738 | D:5      | Noticed a yak
  4739 | D:5      | Noticed dorian's ghost (novice DrFE)
  5027 | D:5      | Reached XP level 8. HP: 44/67 MP: 12/12
  6171 | D:6      | Noticed Maggie
  6259 | D:6      | Killed Maggie
  6589 | D:6      | Reached XP level 9. HP: 70/72 MP: 14/14
  6964 | D:6      | Noticed Sigmund
  6976 | D:6      | Reached *** piety under Lugonu
  7014 | D:6      | Killed Sigmund
  7014 | D:6      | Reached skill level 5 in Dodging
  7907 | D:7      | Found Gisawu Otoph's Gadget Emporium.
  8195 | D:7      | Reached XP level 10. HP: 80/80 MP: 13/17
  8217 | D:7      | Noticed Pikel
  8335 | D:8      | Noticed a two-headed ogre
  8370 | D:8      | Killed a two-headed ogre
  8370 | D:8      | Reached skill level 5 in Short Blades
  8370 | D:8      | Reached skill level 5 in Axes
  8370 | D:8      | Reached skill level 5 in Maces & Flails
  8370 | D:8      | Reached skill level 5 in Polearms
  8370 | D:8      | Reached skill level 5 in Staves
  8370 | D:8      | Reached skill level 5 in Slings
  8370 | D:8      | Reached skill level 5 in Bows
  8370 | D:8      | Reached skill level 5 in Crossbows
  8370 | D:8      | Reached skill level 5 in Throwing
  8370 | D:8      | Reached skill level 5 in Stealth
  8370 | D:8      | Reached skill level 5 in Shields
  8370 | D:8      | Reached skill level 5 in Unarmed Combat
  8370 | D:8      | Reached skill level 5 in Spellcasting
  8370 | D:8      | Reached skill level 5 in Evocations
  8486 | D:8      | Reached **** piety under Lugonu
  9278 | D:8      | Found a staircase to the Lair.
  9488 | D:7      | Killed Pikel
  9488 | D:7      | Reached XP level 11. HP: 48/87 MP: 19/19
  9929 | D:7      | Noticed Jessica
  9935 | D:7      | Killed Jessica
  9956 | D:7      | Found a shimmering blue altar of Sif Muna.
 10064 | Lair:1   | Entered Level 1 of the Lair of Beasts
 10215 | Lair:1   | Noticed a six-headed hydra
 10520 | Lair:1   | Killed a six-headed hydra
 10802 | D:9      | Noticed Erolcha
 10813 | D:9      | Killed Erolcha
 10813 | D:9      | Reached skill level 5 in Conjurations
 10813 | D:9      | Reached skill level 5 in Hexes
 10813 | D:9      | Reached skill level 5 in Charms
 10813 | D:9      | Reached skill level 5 in Summonings
 10813 | D:9      | Reached skill level 5 in Necromancy
 10813 | D:9      | Reached skill level 5 in Translocations
 10813 | D:9      | Reached skill level 5 in Transmutations
 10813 | D:9      | Reached skill level 5 in Fire Magic
 10813 | D:9      | Reached skill level 5 in Ice Magic
 10813 | D:9      | Reached skill level 5 in Air Magic
 10813 | D:9      | Reached skill level 5 in Earth Magic
 10813 | D:9      | Reached skill level 5 in Poison Magic
 10920 | D:9      | Noticed a two-headed ogre
 11070 | D:10     | Entered Level 10 of the Dungeon
 11125 | D:9      | Killed a two-headed ogre
 11313 | D:9      | Noticed Joseph
 11324 | D:9      | Killed Joseph
 11418 | D:9      | Noticed Erica
 11433 | D:9      | Killed Erica
 11452 | D:9      | Got a twisted leather armour
 11453 | D:9      | Identified the +3 leather armour "Utackor" {rElec rC+
                  | Int+2} (You found it on level 9 of the Dungeon)
 12002 | D:10     | Identified the cursed +2 fustibalus "Ogrebane" {freeze,
                  | rElec Dex+2}
 12022 | D:10     | Reached ***** piety under Lugonu
 12069 | D:10     | Noticed a two-headed ogre
 12087 | D:9      | Killed a two-headed ogre
 12376 | D:10     | Reached XP level 12. HP: 96/96 MP: 22/22
 12905 | D:11     | Noticed Fannar
 12922 | D:11     | Killed Fannar
 13047 | D:11     | Found a staircase to the Orcish Mines.
 13157 | D:11     | Noticed Psyche
 13161 | D:11     | Killed Psyche
 13219 | D:11     | Noticed a death knight
 13627 | D:11     | Noticed a two-headed ogre
 13635 | D:11     | Killed a two-headed ogre
 14111 | D:11     | Killed a death knight
 14773 | Lair:2   | Identified a scroll of acquirement
 15223 | Lair:2   | Found a staircase to the Swamp.
 15968 | Lair:3   | Found a hole to the Spider Nest.
 15995 | Lair:3   | Reached skill level 10 in Fighting
 16011 | Lair:3   | Noticed Gastronok
 16047 | Lair:3   | Found a frozen archway.
 16204 | IceCv    | Entered an ice cave
 16645 | IceCv    | Reached XP level 13. HP: 47/103 MP: 24/24
 17131 | IceCv    | Noticed an ice dragon
 17131 | IceCv    | Noticed an ice dragon
 17169 | IceCv    | Killed an ice dragon
 17176 | IceCv    | Killed an ice dragon
 17256 | IceCv    | Got a wavering diamond amulet
 17270 | IceCv    | Identified the amulet "Qyf Eraock" {Inacc SInv} (You found
                  | it in an ice cave)
 17585 | Lair:3   | Learned a level 1 spell: Magic Dart
 17588 | Lair:3   | Learned a level 2 spell: Blink
 17594 | Lair:3   | Learned a level 5 spell: Silence
 18257 | Lair:2   | Reached skill level 10 in Invocations
 18822 | Lair:4   | Reached ****** piety under Lugonu
 19205 | Lair:4   | Learned a level 1 spell: Apportation
 19207 | Lair:4   | Learned a level 1 spell: Corona
 20326 | Lair:4   | Learned a level 2 spell: Searing Ray
 21472 | Lair:5   | Found a staircase to the Slime Pits.
 22159 | Lair:6   | Entered Level 6 of the Lair of Beasts
 22184 | Lair:5   | Reached XP level 14. HP: 79/111 MP: 23/26
 22555 | Lair:6   | Found a sparkling altar of Nemelex Xobeh.
 23076 | Lair:5   | Reached skill level 10 in Long Blades
 23076 | Lair:5   | Reached skill level 10 in Armour
 25690 | Lair:3   | Killed Gastronok
 26025 | Lair:3   | Identified Oddueh's Volume of the Poisonous Frostbite
 26032 | Lair:3   | Learned a level 2 spell: Poisonous Vapours
 26036 | Lair:3   | Learned a level 3 spell: Frozen Ramparts
 26178 | Orc:1    | Entered Level 1 of the Orcish Mines
 26351 | Orc:2    | Entered Level 2 of the Orcish Mines
 26398 | Orc:2    | Found a staircase to the Elven Halls.
 27347 | Orc:2    | Found Zeb Egh's Distillery.
 27685 | Orc:2    | Found Pixupieju's General Store.
 27689 | Orc:2    | Found Moisus's Weapon Shoppe.
 27691 | Orc:2    | Found Tezauzuub's Distillery.
 27727 | Orc:2    | Gained mutation: Your flesh is heat resistant. (rF+)
                  | [potion of mutation]
 27727 | Orc:2    | Gained mutation: You are resistant to electric shocks.
                  | (rElec) [potion of mutation]
 27734 | Orc:2    | Bought a potion of invisibility for 112 gold pieces
 27734 | Orc:2    | Bought a potion of invisibility for 112 gold pieces
 27986 | D:12     | Reached XP level 15. HP: 119/119 MP: 28/28
 28016 | D:12     | Found a flagged portal.
 28029 | Bailey   | Entered a bailey
 29071 | D:12     | Noticed Urug
 29087 | D:12     | Killed Urug
 29087 | D:12     | Reached skill level 10 in Dodging
 29964 | D:13     | Found a gate to the Vaults.
 30557 | D:14     | Found a white marble altar of Elyvilon.
 31022 | D:14     | Identified Roxanne's Almanac of Transmigration
 31022 | D:14     | Noticed Roxanne
 31097 | D:14     | Reached skill level 10 in Short Blades
 31097 | D:14     | Reached skill level 10 in Axes
 31097 | D:14     | Reached skill level 10 in Maces & Flails
 31097 | D:14     | Reached skill level 10 in Polearms
 31097 | D:14     | Reached skill level 10 in Staves
 31097 | D:14     | Reached skill level 10 in Slings
 31097 | D:14     | Reached skill level 10 in Bows
 31097 | D:14     | Reached skill level 10 in Crossbows
 31097 | D:14     | Reached skill level 10 in Throwing
 31097 | D:14     | Reached skill level 10 in Stealth
 31097 | D:14     | Reached skill level 10 in Shields
 31097 | D:14     | Reached skill level 10 in Unarmed Combat
 31097 | D:14     | Reached skill level 10 in Spellcasting
 31097 | D:14     | Reached skill level 10 in Evocations
 31731 | D:15     | Entered Level 15 of the Dungeon
 32899 | D:15     | Found a staircase to the Depths.
 32899 | D:15     | Noticed a frost giant
 32910 | D:15     | Killed a frost giant
 32910 | D:15     | Reached XP level 16. HP: 82/127 MP: 27/30
 33430 | D:12     | Lost mutation: Your flesh is heat resistant. (rF+) [potion
                  | of mutation]
 33430 | D:12     | Gained mutation: You are partially covered in icy blue
                  | scales. (AC +2) [potion of mutation]
 33430 | D:12     | Gained mutation: You are somewhat resistant to further
                  | mutation. [potion of mutation]
 33430 | D:12     | Gained mutation: Your movements are slightly less
                  | encumbered by armour. (ER -2) [potion of mutation]
 33574 | Spider:1 | Entered Level 1 of the Spider Nest
 33755 | Spider:1 | Found a transporter.
 33935 | Spider:1 | Identified the +1 pair of gloves of Brilliance {Int+4}
 33935 | Spider:1 | Noticed Nikola
 33968 | Spider:1 | Killed Nikola
 34140 | Spider:1 | Found a transporter.
 35067 | Spider:1 | Upgraded the game from 0.25-b1-39-g0d900dab71 to
                  | 0.25-b1-41-g19641232cd
 35380 | Spider:1 | Got a pair of pitted gloves
 35381 | Spider:1 | Identified the +4 pair of gloves "Kureanish" {-Tele +Fly
                  | rC++ Stlth+} (You found it on level 1 of the Spider Nest)
 36540 | Spider:3 | Reached XP level 17. HP: 62/135 MP: 28/32
 37378 | Orc:2    | Bought a potion of curing for 42 gold pieces
 37378 | Orc:2    | Bought a potion of curing for 42 gold pieces
 37378 | Orc:2    | Bought 2 potions of curing for 84 gold pieces
 37378 | Orc:2    | Bought a potion of heal wounds for 70 gold pieces
 37378 | Orc:2    | Bought a potion of curing for 42 gold pieces
 37378 | Orc:2    | Bought a potion of curing for 42 gold pieces
 37628 | Spider:4 | Entered Level 4 of the Spider Nest
 40136 | Spider:4 | Got a gossamer rune of Zot
 40255 | Spider:4 | Reached skill level 10 in Conjurations
 40255 | Spider:4 | Reached skill level 10 in Hexes
 40255 | Spider:4 | Reached skill level 10 in Charms
 40255 | Spider:4 | Reached skill level 10 in Summonings
 40255 | Spider:4 | Reached skill level 10 in Necromancy
 40255 | Spider:4 | Reached skill level 10 in Translocations
 40255 | Spider:4 | Reached skill level 10 in Transmutations
 40255 | Spider:4 | Reached skill level 10 in Fire Magic
 40255 | Spider:4 | Reached skill level 10 in Ice Magic
 40255 | Spider:4 | Reached skill level 10 in Air Magic
 40255 | Spider:4 | Reached skill level 10 in Earth Magic
 40255 | Spider:4 | Reached skill level 10 in Poison Magic
 40255 | Spider:4 | Reached XP level 18. HP: 143/143 MP: 33/33
 40458 | Swamp:1  | Entered Level 1 of the Swamp
 41354 | Swamp:1  | Learned a level 3 spell: Ozocubu's Armour
 41357 | Swamp:1  | Learned a level 2 spell: Song of Slaying
 41826 | Swamp:2  | Reached XP level 19. HP: 85/149 MP: 34/34
 45009 | Swamp:4  | Entered Level 4 of the Swamp
 46441 | Swamp:4  | Slain by a shambling mangrove

Illustrated notes

Levels and vault maps discovered:
D:1:      minmay_arrival_diagonal_passages, layout_basic, st_stairs_6
D:2:      layout_rooms, first_ration, uniq_natasha
D:3:      layout_basic
D:4:      layout_rooms
D:5:      minmay_recursive_quarters, layout_basic, minmay_temple_entry_mist,
          ebering_ghost_gozag
D:6:      layout_cave_pools, minmay_quadrilaterals, uniq_sigmund, uniq_maggie
D:7:      layout_layer_cave, tgw_sif, serial_shops, shop, uniq_pikel
D:8:      layout_gridville, david_lair_shrubbed
D:9:      kennysheep_spiral_hall, layout_long_grid, uniq_erica, uniq_erolcha,
          uniq_joseph
D:10:     layout_long_grid, kb_lookout_dungeons_type
D:11:     layout_roguey, david_orc_1_choice, uniq_psyche, uniq_fannar
D:12:     layout_irregular_city, enter_bailey_3, uniq_urug
D:13:     layout_gridville, ximxim_vaults_locker_room, blue_anna_alchemist
          [blue_anna_fruit_fields, blue_anna_fruit_fields]
D:14:     layout_long_grid, basic_altar, minmay_misc_feat_encased,
          nooodl_orcs_dogs, uniq_roxanne
D:15:     grunt_enter_depths_snipers, layout_basic, nrook_pool_corridor
Lair:1:   layout_cave_shapes, chequers_serial_rivers_micro_c
Lair:2:   layout_cave_pods, swamp_mist, lemuel_fruit_fields
Lair:3:   layout_concentric_octagons, spider_nest_entry_a,
          portal_ice_cave_entry_pillars_1, beast_lair_carwin_9,
          grunt_megastairs_2, infiniplex_staircase_pool, serial_bayou_shore_b,
          lemuel_fruit_tree, serial_bayou_shore_b, lemuel_fruit_fields,
          minmay_lair_oklob_chamber, uniq_gastronok
Lair:4:   layout_cave_pods, nicolae_lair_grove_arrangements,
          chequers_serial_rivers_marsh, grunt_megastairs_3
Lair:5:   layout_roguey, nicolae_slime_entry_slimehenge, serial_bayou,
          serial_bayou_pond_d, serial_bayou_lagoon_b, serial_bayou_pond_d,
          serial_bayou_pond_d, small_statue_intersection, lemuel_fruit_fields
Lair:6:   minmay_lair_end_frog_pond, layout_hall_layers, basic_altar,
          grunt_megastairs_1
Swamp:1:  layout_falls_marsh, evilmike_swamp_ruin_house_3
Swamp:2:  layout_falls_marsh, serial_swamp_ruin, evilmike_swamp_ruin_house_4,
          hangedman_swamp_ruin_hall, infiniplex_staircase_pool_2
Swamp:3:  layout_basic_swamp, hangedman_swamp_blocks, swamp_pool3,
          st_shrine_of_shade
Swamp:4:  byrel_swamp_growth_death_and_undeath, layout_basic_swamp, swamp_pool4
Spider:1: gammafunk_the_bubble [the_bubble_gammafunk_split], special_room
          [special_room_bee], nicolae_spider_webs_and_nodes, uniq_nikola
Spider:2: layout_spider_delve
Spider:3: layout_spider_delve
Spider:4: guppyfry_spider_rune, guppyfry_hornet_nest
Orc:1:    layout_caves
Orc:2:    st_orc_elflike, layout_caves

Skill      XL: |  1  2  3  4  5  6  7  8  9 10 11 12 13 14 15 16 17 18 19 |
---------------+----------------------------------------------------------+-----
Short Blades   | 1 2 3 4 5 6 7 8 9 10 11 12 | 12.3
Axes           | 1 2 3 4 5 6 7 8 9 10 11 12 | 12.3
Maces & Flails | 1 2 3 4 5 6 7 8 9 10 11 12 | 12.3
Polearms       | 1 2 3 4 5 6 7 8 9 10 11 12 | 12.3
Staves         | 1 2 3 4 5 6 7 8 9 10 11 12 | 12.3
Slings         | 1 2 3 4 5 6 7 8 9 10 11 12 | 12.3
Bows           | 1 2 3 4 5 6 7 8 9 10 11 12 | 12.3
Crossbows      | 1 2 3 4 5 6 7 8 9 10 11 12 | 12.3
Throwing       | 1 2 3 4 5 6 7 8 9 10 11 12 | 12.3
Stealth        | 1 2 3 4 5 6 7 8 9 10 11 12 | 12.3
Shields        | 1 2 3 4 5 6 7 8 9 10 11 12 | 12.3
Unarmed Combat | 1 2 3 4 5 6 7 8 9 10 11 12 | 12.3
Spellcasting   | 1 2 3 4 5 6 7 8 9 10 11 12 | 12.3
Evocations     | 1 2 3 4 5 6 7 8 9 10 11 12 | 12.3
Conjurations   | 1 2 3 4 5 6 7 8 9 10 | 10.6
Hexes          | 1 2 3 4 5 6 7 8 9 10 | 10.6
Charms         | 1 2 3 4 5 6 7 8 9 10 | 10.6
Summonings     | 1 2 3 4 5 6 7 8 9 10 | 10.6
Necromancy     | 1 2 3 4 5 6 7 8 9 10 | 10.6
Translocations | 1 2 3 4 5 6 7 8 9 10 | 10.6
Transmutations | 1 2 3 4 5 6 7 8 9 10 | 10.6
Fire Magic     | 1 2 3 4 5 6 7 8 9 10 | 10.6
Ice Magic      | 1 2 3 4 5 6 7 8 9 10 | 10.6
Air Magic      | 1 2 3 4 5 6 7 8 9 10 | 10.6
Earth Magic    | 1 2 3 4 5 6 7 8 9 10 | 10.6
Poison Magic   | 1 2 3 4 5 6 7 8 9 10 | 10.6
Dodging        | 3 4 5 6 7 8 9 10 11 12 | 12.6
Invocations    | 5 6 7 8 9 10 11 12 13 | 13.9
Long Blades    | 5 6 7 8 9 10 11 12 13 | 13.0
Armour         | 5 6 7 8 9 10 11 12 13 | 13.0
Fighting       | 7 8 9 10 11 12 13 | 13.7

Action                   |  1- 3 |  4- 6 |  7- 9 | 10-12 | 13-15 | 16-18 | 19-21 || total
-------------------------+-------+-------+-------+-------+-------+-------+-------++-------
Melee: Falchion          |    55 |   194 |   439 |       |       |       |       ||   688
       Bite              |     3 |    28 |    61 |    86 |   145 |    91 |    71 ||   485
       Punch             |       |     4 |    17 |    15 |    65 |    47 |    21 ||   169
       Dagger            |       |       |    19 |    34 |    35 |    15 |     8 ||   111
       Great sword       |       |       |    16 |   190 |       |       |       ||   206
       Trident           |       |       |     3 |     3 |    14 |       |       ||    20
       Scimitar          |       |       |       |   316 |   896 |   567 |   385 ||  2164
       Spear             |       |       |       |       |     1 |       |       ||     1
Throw: Dart              |       |       |    42 |    44 |   156 |    92 |     5 ||   339
       Boomerang         |       |       |     7 |    18 |    18 |    14 |     8 ||    65
 Cast: Mephitic Cloud    |       |       |    12 |    24 |    30 |     6 |       ||    72
       Conjure Flame     |       |       |     1 |     4 |    10 |       |       ||    15
       Magic Dart        |       |       |       |       |    26 |     1 |       ||    27
       Blink             |       |       |       |       |    12 |     2 |     7 ||    21
       Searing Ray       |       |       |       |       |    50 |     5 |    22 ||    77
       Frozen Ramparts   |       |       |       |       |    37 |    64 |     5 ||   106
       Poisonous Vapours |       |       |       |       |    14 |   204 |    22 ||   240
       Corona            |       |       |       |       |     1 |     1 |       ||     2
       Apportation       |       |       |       |       |       |     2 |       ||     2
       Ozocubu's Armour  |       |       |       |       |       |       |     9 ||     9
       Song of Slaying   |       |       |       |       |       |       |     8 ||     8
Invok: Depart the Abyss  |     1 |       |       |       |       |       |       ||     1
       Bend Space        |       |       |    13 |     4 |       |       |       ||    17
       Banish            |       |       |       |       |     1 |       |       ||     1
  Use: Scroll            |       |     6 |     2 |    16 |    15 |    10 |     1 ||    50
       Potion            |       |       |     2 |     1 |    13 |    17 |     8 ||    41
 Stab: Distracted        |       |     1 |       |       |     1 |     1 |     1 ||     4
       Sleeping          |       |       |     6 |    13 |    29 |    10 |     5 ||    63
       Confused          |       |       |    13 |    16 |    14 |     1 |     1 ||    45
       Invisible         |       |       |       |       |       |       |     1 ||     1
  Eat: Chunk             |       |     8 |    18 |    32 |    49 |    14 |     7 ||   128
       Ration            |       |       |       |       |     1 |     5 |     2 ||     8
Armor: Leather armour    |     6 |    40 |    51 |    46 |    90 |       |       ||   233
       Steam dragon scal |       |       |    22 |    68 |       |       |       ||    90
       Skin              |       |       |    56 |       |       |       |       ||    56
       Troll leather arm |       |       |       |       |    35 |   275 |   166 ||   476
Dodge: Dodged            |    42 |   180 |   350 |   455 |   868 |  1045 |   600 ||  3540
       Repelled          |       |       |       |       |    21 |     5 |    13 ||    39
       Rpst.: Falchion   |    17 |    51 |   101 |       |       |       |       ||   169
       Great sword       |       |       |     8 |    54 |       |       |       ||    62
       Scimitar          |       |       |       |    80 |   201 |   187 |   106 ||   574
